Map: 2000 Atmospheres LE

Players

Maru

  • Race: Terran Terran
  • League: Master

DPGDark (Dark) - Winner!

  • Race: Zerg Zerg
  • League: Master

Event: TSL 8

VOD

Have the link to the VOD?

Description

Time

  • Played on: Dec. 10, 2021, 11:30 a.m.
  • Length: 26:41

All games in this series

Show
View Real Time Build Order
Export as new Build Order

Maru Terran 

Build Orders: Reaper Expand 

Get SALT Encoding   

  12  0:00  SCV  
  13  0:12  SCV  
  14  0:17  Supply Depot  
  14  0:24  SCV  
  15  0:38  SCV  
  15  0:39  Barracks  
  15  0:42  Refinery  
  16  0:50  SCV  
  17  1:03  SCV  
  18  1:15  SCV  
  19  1:26  Reaper  
  19  1:27  Orbital Command  
  20  1:37  Command Center  
  20  1:48  Barracks  
  20  1:52  SCV  
  21  1:58  Barracks Reactor  
  21  2:04  SCV  
  22  2:08  Supply Depot  
  22  2:10  Refinery  
  22  2:16  SCV  
  23  2:30  SCV  
  23  2:36  Barracks Tech Lab  
  24  2:37  Factory, Marine x2  
  24  2:42  SCV  
  27  2:49  Orbital Command  
  27  2:54  SCV  
  27  2:55  Marine x2  
  29  3:02  Stimpack  
  29  3:05  Marine  
  28  3:06  SCV  
  30  3:14  Marine x2  
  30  3:16  SCV  
  30  3:18  SCV  
  34  3:28  SCV  
  34  3:30  SCV, Marine  
  34  3:32  Marine x2  
  34  3:34  Starport  
  38  3:36  Factory Reactor  
  38  3:40  SCV  
  39  3:42  SCV  
  39  3:45  Supply Depot  
  40  3:49  Marine  
  40  3:50  Marine  
  40  3:52  SCV  
  40  3:54  SCV  
  44  4:00  Supply Depot  
  44  4:04  SCV  
  44  4:07  SCV  
  44  4:08  Marine x3  
  49  4:13  Supply Depot  
  49  4:16  SCV  
  50  4:19  SCV  
  50  4:21  Medivac x2  
  55  4:28  SCV  
  55  4:29  Marine x3  
  55  4:31  SCV  
  60  4:39  Command Center  
  60  4:40  SCV  
  60  4:43  Combat Shield  
  61  4:46  Supply Depot  
  61  4:47  Widow Mine, Marine  
  61  4:50  SCV  
  65  4:55  SCV, Marine  
  65  4:57  Refinery  
  65  4:59  Refinery, Marine  
  68  5:00  Medivac  
  68  5:02  Supply Depot  
  68  5:07  SCV, Barracks  
  70  5:11  SCV, Factory Tech Lab  
  72  5:17  Engineering Bay  
  72  5:19  SCV, Engineering Bay  
  73  5:23  SCV  
  74  5:31  SCV  
  74  5:33  Siege Tank  
  79  5:35  SCV  
  79  5:44  Supply Depot, SCV  
  79  5:47  Terran Infantry Weapons Level 1, SCV, Terran Infantry Armor Level 1  
  79  5:48  Starport Reactor  
  81  5:53  Orbital Command  
  81  5:56  SCV  
  82  5:57  Marine x3  
  82  5:59  SCV  
  82  6:00  Marine  
  82  6:01  Marine  
  88  6:08  Supply Depot, SCV  
  89  6:12  SCV  
  90  6:20  SCV  
  90  6:21  Marine x5  
  90  6:25  Orbital Command  
  96  6:26  SCV  
  96  6:28  Medivac  
  96  6:29  Medivac  
  99  6:33  Supply Depot  
  99  6:34  SCV  
  99  6:39  SCV  
  100  6:41  Barracks  
  100  6:42  Marine x2  
  100  6:43  Marauder, Marine x2, Barracks  
  106  6:51  Supply Depot  
  106  6:54  SCV  
  106  6:55  SCV  
  106  6:56  SCV  
  106  7:00  Marine x3  
  112  7:04  Marauder, Armory  
  112  7:07  SCV, Marine  
  116  7:10  SCV  
  116  7:13  SCV  
  115  7:18  Marine  
  115  7:19  Siege Tank  
  115  7:20  SCV  
  115  7:22  SCV, Refinery  
  121  7:23  Supply Depot x2  
  121  7:24  Marine x2  
  121  7:25  Marine  
  121  7:26  Marauder  
  121  7:28  SCV  
  127  7:32  SCV  
  127  7:34  SCV  
  127  7:36  Factory, Marine  
  131  7:38  Barracks Tech Lab x2  
  128  7:45  Medivac x2  
  128  7:48  Marine x4  
  128  7:49  SCV  
  136  7:53  SCV x2  
  136  7:57  Terran Infantry Weapons Level 2, Terran Infantry Armor Level 2, Siege Tank  
  136  7:58  Terran Vehicle Weapons Level 1  
  134  8:01  SCV  
  134  8:03  Refinery  
  134  8:05  SCV, Command Center, Concussive Shells  
  136  8:06  Marauder  
  136  8:07  Marauder, Marine x2  
  136  8:09  Marauder, Marine  
  136  8:10  Marine  
  144  8:24  Marine  
  144  8:25  Marine  
  145  8:27  Marine  
  145  8:28  Marauder  
  145  8:31  Supply Depot  
  145  8:32  Supply Depot, Factory Tech Lab  
  148  8:34  Sensor Tower, Marine  
  148  8:36  Marauder x2  
  153  8:42  Siege Tank, Marine  
  153  8:44  Barracks x2  
  153  8:45  Barracks  
  157  8:51  Ghost Academy  
  157  8:52  Marine x3  
  157  8:53  Marauder  
  157  8:54  Siege Tank  
  165  8:57  Marauder  
  167  9:07  Supply Depot  
  167  9:08  Supply Depot  
  167  9:09  SCV x3  
  170  9:14  Siege Tank  
  175  9:17  Marauder x2  
  175  9:19  Marauder  
  174  9:37  Barracks Tech Lab x2  
  153  9:38  Marauder x2  
  153  9:39  Ghost  
  155  9:45  Barracks Tech Lab  
  155  9:46  SCV x2  
  155  9:47  SCV, Planetary Fortress  
  155  9:50  Viking  
  155  9:51  Viking  
  162  9:57  Ghost  
  162  9:58  SCV  
  162  9:59  Ghost x2  
  169  10:00  Refinery  
  169  10:01  Refinery  
  167  10:08  Ghost  
  167  10:12  Ghost  
  167  10:13  Ghost  
  167  10:14  Marine x4  
  172  10:23  Command Center  
  172  10:26  Personal Cloaking, Marine  
  172  10:28  Marine  
  174  10:32  Command Center  
  174  10:35  Ghost  
  174  10:36  Ghost  
  174  10:39  Marine x4  
  174  10:41  Marine  
  183  10:54  Ghost  
  183  10:55  Ghost  
  176  10:58  Terran Infantry Weapons Level 3  
  173  11:05  Marauder x3  
  173  11:09  Siege Tank  
  182  11:20  Marine x2, Terran Infantry Armor Level 3  
  182  11:21  Marauder, Marine x2  
  182  11:23  Marine  
  182  11:24  Marauder  
  171  11:34  Ghost  
  171  11:38  Ghost x2  
  161  11:45  Siege Tank  
  157  11:48  Orbital Command  
  157  11:53  Command Center  
  157  11:55  Sensor Tower  
  157  11:59  Terran Vehicle Weapons Level 2  
  157  12:01  Marauder, Marine x2  
  157  12:02  Marauder  
  157  12:05  Siege Tank  
  166  12:09  Command Center  
  166  12:14  Marauder, Marine x2  
  166  12:15  Marauder  
  172  12:17  Siege Tank  
  165  12:26  Viking x2  
  169  12:32  Refinery, Planetary Fortress  
  169  12:34  Refinery  
  169  12:37  Siege Tank  
  169  12:39  Command Center, Marine x2  
  169  12:40  Marauder x3, Marine  
  181  12:49  Sensor Tower  
  184  12:51  Siege Tank  
  184  12:54  Enhanced Shockwaves  
  184  13:05  Planetary Fortress  
  184  13:06  Sensor Tower  
  184  13:09  Siege Tank  
  187  13:23  Siege Tank  
  178  13:28  Missile Turret  
  178  13:32  Liberator  
  155  13:41  Ghost x2  
  155  13:42  Siege Tank  
  155  13:43  Marine  
  155  13:44  Marauder x2, Marine x3  
  170  13:50  Marine  
  170  13:51  Marauder  
  170  13:55  Siege Tank  
  176  13:56  Supply Depot  
  176  14:01  Marine x2  
  176  14:03  Sensor Tower, Orbital Command  
  176  14:05  Marauder x2  
  170  14:14  Siege Tank  
  171  14:17  Liberator x2  
  171  14:18  Orbital Command  
  171  14:21  SCV x2  
  175  14:27  Siege Tank  
  175  14:30  Terran Vehicle Weapons Level 3  
  177  14:46  Siege Tank  
  179  14:56  Marine  
  179  14:57  Marauder x4, Marine x3  
  179  14:59  Siege Tank  
  192  15:04  Ghost x2  
  174  15:14  Marine x2  
  174  15:15  Marine x2  
  174  15:18  Siege Tank, Ghost  
  174  15:19  Marauder x3  
  179  15:26  SCV x3  
  179  15:27  SCV x2  
  181  15:31  Siege Tank  
  181  15:33  Marauder  
  186  15:41  Medivac x2  
  181  15:43  Marine  
  181  15:44  Marauder, Marine x2  
  183  15:50  Siege Tank  
  182  16:04  Siege Tank  
  173  16:11  Liberator  
  168  16:13  Viking  
  168  16:17  Marauder x2, Marine x2  
  172  16:19  Marauder x2, Marine x3  
  172  16:22  Siege Tank  
  180  16:30  SCV x2  
  178  16:36  Siege Tank  
  181  16:41  Sensor Tower  
  181  16:43  Viking  
  181  16:44  SCV x2  
  181  16:45  SCV x2  
  187  16:52  Sensor Tower  
  187  16:54  Medivac, Siege Tank  
  192  17:05  Marine x2  
  192  17:06  Marauder x2  
  198  17:13  Medivac  
  200  17:17  Command Center  
  200  17:19  Orbital Command  
  191  17:24  Medivac  
  191  17:25  SCV  
  191  17:26  SCV x2, Siege Tank  
  191  17:27  Orbital Command  
  174  17:36  Siege Tank  
  174  17:40  Ghost x3  
  180  17:58  Refinery, Siege Tank  
  180  18:00  Marine x2  
  180  18:01  Marauder x2  
  187  18:09  Marauder  
  187  18:10  Ghost  
  164  18:30  Siege Tank  
  169  18:34  Marine  
  169  18:35  Marauder  
  169  18:39  Marine  
  166  18:48  Barracks  
  166  18:50  Barracks  
  166  18:52  Barracks  
  166  18:53  Marauder, Barracks  
  158  18:56  Marauder  
  157  19:09  Starport  
  157  19:16  Command Center  
  149  19:28  Marauder  
  149  19:29  Marauder  
  149  19:30  Ghost Academy  
  153  19:34  Barracks Tech Lab  
  153  19:42  Siege Tank  
  153  19:43  Barracks Reactor  
  153  19:44  Barracks Tech Lab, Barracks Reactor  
  153  19:45  Barracks Tech Lab  
  156  19:46  Starport Reactor  
  156  19:51  Orbital Command  
  156  19:59  Engineering Bay  
  156  20:00  Ghost x3  
  162  20:10  SCV x3  
  165  20:14  Siege Tank  
  149  20:29  Marine x2  
  149  20:30  Marauder x2  
  149  20:31  SCV x2  
  149  20:32  SCV  
  149  20:33  Medivac  
  153  20:43  Marine  
  153  20:44  Marauder  
  153  20:45  Marine x2  
  153  20:46  Marauder, Siege Tank  
  153  20:47  Marine  
  153  20:49  Marine  
  139  20:51  Marauder, Marine  
  140  21:01  Marine  
  134  21:18  Siege Tank  
  117  21:28  Barracks  
  117  21:29  Orbital Command  
  117  21:30  Barracks x2  
  107  21:32  Barracks  
  106  21:51  Barracks Tech Lab, Siege Tank  
  106  21:53  Barracks Tech Lab  
  109  21:56  Barracks Tech Lab  
  109  22:01  Medivac x2  
  112  22:13  SCV  
  112  22:14  Orbital Command  
  112  22:15  SCV x2  
  115  22:18  Barracks Tech Lab x2  
  115  22:19  Barracks Reactor, Orbital Command  
  115  22:20  Ghost Academy  
  115  22:21  Marine  
  115  22:22  Orbital Command  
  116  22:25  SCV  
  116  22:27  SCV  
  117  22:35  Marine  
  117  22:36  Marauder  
  116  22:42  Marauder x3, Marine  
  123  22:53  Marine  
  123  23:02  Ghost x2  
  125  23:24  Ghost  
  125  23:25  Marine x2  
  125  23:26  Marauder x2  
  126  23:30  SCV  
  127  23:49  Ghost  
  127  23:52  Marine  
  117  24:03  Marine x2  
  117  24:04  Marauder x3  
  117  24:09  Marine  
  112  24:11  Orbital Command  
  112  24:13  Orbital Command  
  111  24:21  Marine x2  
  111  24:23  Orbital Command  
  111  24:24  Marine  
  111  24:25  Marauder x2  
  111  24:27  Marine  
  111  24:28  Command Center  
  108  24:39  Marine x2  
  108  24:42  Marine  
  110  24:46  Marauder  
  96  25:04  Marauder, Marine  
  96  25:05  Marine  
  96  25:06  Marauder  
  91  25:11  Marine  
  65  25:22  Marine  
  65  25:23  Marine  
  60  25:26  Marauder  
  60  25:47  Marauder  
  60  26:09  Marauder  
Show
View Real Time Build Order
Export as new Build Order

DPGDark Zerg - Winner!

Build Orders: Hatch First, Lurkers 

Get SALT Encoding   

  12  0:00  Drone  
  13  0:12  Overlord  
  13  0:16  Drone  
  14  0:30  Drone x2  
  16  0:47  Hatchery  
  15  0:50  Drone  
  15  0:54  Drone  
  17  0:59  Drone  
  18  1:08  Drone  
  18  1:10  Extractor  
  18  1:17  Spawning Pool  
  17  1:20  Drone  
  18  1:28  Drone  
  19  1:38  Drone  
  20  1:49  Drone  
  21  2:03  Queen  
  21  2:04  Zergling x4, Queen  
  27  2:10  Zergling x2  
  27  2:11  Overlord  
  28  2:26  Drone  
  28  2:30  Drone  
  28  2:32  Drone x2  
  31  2:39  Queen  
  32  2:46  Drone x2  
  32  2:47  Metabolic Boost  
  34  2:54  Drone  
  34  2:58  Overlord  
  34  3:06  Hatchery  
  34  3:07  Drone  
  34  3:11  Drone  
  35  3:16  Queen  
  35  3:18  Zergling x2  
  35  3:19  Zergling x2  
  39  3:20  Drone x3  
  42  3:28  Drone  
  42  3:33  Overlord  
  43  3:35  Lair  
  43  3:42  Overlord  
  43  3:51  Drone  
  43  3:52  Drone x6  
  43  3:53  Drone  
  51  3:59  Roach Warren  
  51  4:01  Drone  
  51  4:03  Drone, Extractor  
  51  4:07  Queen  
  53  4:10  Drone  
  53  4:14  Drone  
  54  4:19  Drone x2  
  54  4:21  Queen  
  54  4:23  Extractor x2  
  56  4:25  Drone  
  56  4:28  Overlord  
  56  4:31  Drone x4  
  60  4:34  Drone  
  60  4:37  Overlord  
  62  4:39  Roach  
  62  4:41  Roach  
  62  4:42  Roach  
  66  4:46  Roach  
  66  4:49  Roach  
  66  4:50  Roach  
  66  4:52  Roach  
  74  4:56  Roach x2  
  74  4:59  Roach  
  80  5:01  Glial Reconstitution  
  80  5:05  Roach  
  82  5:08  Overlord  
  82  5:09  Overlord  
  82  5:13  Overlord  
  82  5:16  Overlord  
  82  5:21  Overlord  
  82  5:29  Drone x7  
  82  5:32  Roach  
  91  5:38  Roach x3  
  91  5:42  Drone  
  98  5:44  Evolution Chamber  
  98  5:45  Evolution Chamber  
  98  5:46  Roach  
  98  5:49  Roach  
  100  5:50  Drone x2  
  100  5:56  Roach x2  
  106  5:57  Drone  
  106  6:01  Drone x2  
  106  6:03  Overseer  
  109  6:12  Roach  
  109  6:13  Roach x2  
  114  6:20  Drone x2  
  115  6:26  Zerg Missile Weapons Level 1  
  115  6:28  Drone  
  115  6:29  Drone x5  
  115  6:30  Extractor  
  115  6:31  Drone, Extractor  
  120  6:38  Drone x2  
  122  6:40  Overlord  
  122  6:42  Infestation Pit, Overlord  
  122  6:45  Overlord  
  121  6:49  Ravager  
  121  6:52  Overlord  
  122  6:55  Hatchery  
  122  6:58  Drone x3  
  124  7:04  Hydralisk Den  
  124  7:05  Zergling x6  
  124  7:06  Zergling x4  
  128  7:14  Roach  
  128  7:15  Roach x3  
  132  7:17  Infestor  
  132  7:20  Infestor  
  132  7:21  Hive  
  136  7:24  Ravager  
  136  7:25  Ravager  
  136  7:28  Roach x2  
  142  7:33  Drone x2  
  142  7:34  Drone x2  
  146  7:41  Drone  
  147  7:45  Overlord x2  
  147  7:47  Overlord  
  145  7:51  Overlord  
  145  7:52  Overlord  
  145  7:59  Evolution Chamber  
  145  8:01  Drone x2  
  145  8:02  Drone x4, Lurker Den  
  145  8:04  Extractor  
  145  8:05  Extractor  
  147  8:08  Zergling x18  
  147  8:10  Ravager x2  
  147  8:11  Ravager x2  
  160  8:13  Zergling x2  
  160  8:18  Roach x2  
  165  8:24  Spore Crawler  
  162  8:28  Zergling x10  
  162  8:33  Viper x2  
  173  8:35  Zergling x14  
  173  8:37  Ravager  
  173  8:40  Zergling x2  
  182  8:48  Zergling x6  
  184  8:59  Zerg Missile Weapons Level 2  
  184  9:00  Zerg Ground Armor Level 1  
  184  9:03  Adaptive Talons, Evolution Chamber  
  184  9:06  Hydralisk x4  
  184  9:07  Hydralisk  
  190  9:37  Hydralisk  
  182  9:39  Lurker x5  
  182  9:42  Drone  
  182  9:43  Drone x3, Overlord  
  191  9:45  Zerg Melee Weapons Level 1  
  191  9:49  Adrenal Glands  
  191  9:50  Hatchery  
  191  9:52  Baneling Nest  
  189  9:58  Zergling x4  
  189  9:59  Hatchery  
  189  10:00  Seismic Spines  
  189  10:02  Zergling x10  
  188  10:11  Lurker  
  188  10:14  Hydralisk x3  
  186  10:17  Overseer  
  192  10:23  Drone x5  
  192  10:24  Drone x3  
  192  10:27  Pneumatized Carapace  
  200  10:36  Nydus Network  
  200  10:41  Lurker  
  199  10:43  Overlord  
  199  10:46  Overlord  
  175  10:58  Hydralisk x2  
  175  10:59  Hydralisk  
  175  11:00  Zergling x22  
  175  11:02  Lurker  
  175  11:03  Zergling x20  
  192  11:05  Zerg Ground Armor Level 2  
  192  11:06  Hydralisk  
  192  11:09  Ravager x2  
  192  11:10  Ravager, Baneling x3  
  192  11:11  Baneling  
  197  11:14  Centrifugal Hooks  
  197  11:21  Zergling x6  
  197  11:22  Hydralisk  
  197  11:24  Hydralisk x2  
  198  11:26  Hydralisk x3  
  174  11:34  Hydralisk x2  
  174  11:39  Hydralisk x7  
  142  11:41  Lurker x2  
  142  11:44  Lurker  
  157  11:49  Drone x4  
  157  11:51  Extractor x2  
  157  11:53  Lurker x2  
  161  11:59  Drone x3  
  161  12:00  Zergling x8  
  168  12:02  Lurker  
  168  12:03  Lurker  
  168  12:05  Drone  
  168  12:07  Lurker  
  172  12:09  Overseer  
  172  12:14  Spore Crawler  
  171  12:18  Zergling x2  
  154  12:23  Zergling x10  
  154  12:24  Zergling x6  
  154  12:26  Hydralisk x2  
  154  12:27  Lurker x3  
  154  12:29  Zergling x6  
  169  12:30  Hatchery  
  169  12:32  Zerg Missile Weapons Level 3  
  169  12:36  Zergling x12  
  174  12:39  Zergling x4  
  174  12:40  Zergling x6  
  174  12:41  Zergling x4  
  181  12:44  Zergling x2  
  181  12:49  Zergling x8  
  186  12:55  Drone x2  
  186  12:56  Drone  
  186  12:57  Zergling x2  
  186  12:58  Zergling x6  
  193  13:00  Nydus Canal  
  193  13:01  Overseer  
  193  13:02  Baneling x6  
  193  13:03  Baneling x3, Zerg Melee Weapons Level 2  
  193  13:07  Overseer  
  193  13:08  Overseer x2  
  193  13:10  Zergling x6  
  193  13:11  Zergling x8  
  200  13:17  Grooved Spines  
  185  13:32  Zergling x6  
  185  13:33  Hydralisk, Overseer x4, Zergling x24  
  198  13:34  Lurker  
  195  13:46  Lurker x6  
  195  13:48  Zergling x2  
  199  13:50  Zergling x2  
  199  13:51  Zergling x2  
  194  13:58  Zergling x14  
  194  14:00  Zerg Ground Armor Level 3  
  182  14:10  Hydralisk x2  
  183  14:17  Hydralisk x2, Zergling x10  
  183  14:19  Zergling x16, Baneling  
  183  14:20  Baneling x5  
  183  14:23  Baneling x3  
  200  14:28  Muscular Augments  
  198  14:31  Drone x3  
  200  14:39  Baneling x3  
  200  14:40  Baneling x3  
  197  14:51  Unknown  
  197  14:52  Zergling x8  
  199  14:53  Zergling x2  
  199  14:58  Nydus Canal  
  200  15:04  Zergling x2  
  156  15:15  Zergling x24  
  156  15:16  Overseer  
  160  15:21  Zergling x2  
  160  15:22  Zergling x20  
  160  15:26  Hydralisk x2  
  160  15:27  Zergling x4  
  160  15:28  Zergling x2, Overlord x3  
  170  15:29  Overlord x2  
  170  15:32  Spore Crawler  
  170  15:33  Zergling x4  
  170  15:34  Spore Crawler x2  
  166  15:41  Hatchery  
  156  15:43  Baneling x5  
  156  15:44  Baneling  
  156  15:45  Baneling x3  
  156  15:46  Hydralisk x4, Baneling x6  
  156  15:47  Zergling x14  
  156  15:49  Baneling x4  
  173  15:50  Overseer  
  173  15:51  Overseer  
  173  15:52  Baneling x3  
  173  15:53  Zergling x4  
  172  15:57  Zerg Melee Weapons Level 3  
  172  16:00  Zergling x10  
  173  16:06  Zergling x4, Spore Crawler  
  173  16:08  Lurker x4  
  176  16:21  Drone x9  
  176  16:23  Extractor  
  184  16:30  Overseer  
  184  16:32  Zergling x2  
  185  16:36  Hatchery  
  185  16:37  Hydralisk x4  
  192  16:40  Overseer  
  192  16:41  Lurker x2  
  192  16:43  Lurker  
  192  16:44  Lurker  
  192  16:46  Overseer x2  
  193  16:48  Drone x3  
  193  16:54  Zergling x6  
  199  16:58  Spore Crawler  
  195  17:09  Zergling x6  
  195  17:12  Spore Crawler  
  195  17:13  Zergling x4  
  197  17:17  Overseer x2  
  178  17:23  Zergling x6  
  178  17:24  Zergling x28  
  178  17:27  Hydralisk x2  
  181  17:34  Hydralisk x3  
  181  17:37  Zergling x2  
  181  17:38  Zergling x12  
  181  17:39  Baneling x6  
  181  17:41  Zergling x2  
  181  17:43  Nydus Canal  
  182  17:46  Hydralisk  
  182  17:49  Zergling x6  
  187  17:54  Baneling x2  
  187  17:55  Baneling x5  
  187  17:56  Zergling x6  
  187  17:57  Hatchery, Baneling  
  186  18:04  Lurker  
  179  18:10  Zergling x12  
  177  18:13  Nydus Canal  
  167  18:22  Hydralisk  
  167  18:23  Hydralisk x5  
  155  18:30  Hydralisk  
  155  18:31  Hydralisk x6  
  165  18:34  Zergling x2  
  165  18:35  Zergling x2  
  165  18:36  Nydus Canal  
  167  18:43  Baneling x2, Zergling x2  
  167  18:44  Zergling x2  
  165  18:49  Zergling x2  
  165  18:50  Zergling x12  
  165  18:52  Hydralisk x2  
  172  18:59  Nydus Canal  
  172  19:02  Lurker x4  
  174  19:09  Zergling x2  
  176  19:10  Zergling x12  
  163  19:27  Drone  
  163  19:29  Infestor x3  
  163  19:30  Infestor x3  
  175  19:37  Lurker x2  
  174  19:41  Hatchery  
  174  19:43  Lurker x4  
  174  19:45  Viper x3  
  177  19:51  Drone x2  
  188  20:05  Lurker  
  186  20:12  Hatchery, Spore Crawler  
  172  20:16  Nydus Canal  
  172  20:18  Zergling x16  
  172  20:29  Lurker x2  
  172  20:31  Baneling x2  
  172  20:32  Zergling x24  
  186  20:36  Burrow  
  185  20:47  Spore Crawler  
  185  20:48  Spore Crawler  
  176  20:54  Zergling x12  
  176  20:55  Zergling x8  
  182  20:59  Spore Crawler  
  182  21:00  Nydus Canal  
  180  21:07  Zergling x14  
  169  21:12  Zergling x2  
  169  21:14  Zergling x2  
  169  21:16  Zergling x8  
  166  21:25  Overseer x2  
  157  21:26  Neural Parasite  
  157  21:28  Zergling x2  
  157  21:31  Zergling x8  
  159  21:38  Zergling x8  
  159  21:39  Zergling x6  
  163  21:44  Zergling x2  
  163  21:45  Zergling x2  
  159  21:47  Zergling x2  
  159  21:48  Zergling x2  
  157  21:54  Baneling x11  
  157  21:58  Hydralisk x2  
  157  22:00  Hydralisk  
  159  22:05  Baneling  
  159  22:06  Baneling x2  
  159  22:07  Hatchery  
  158  22:13  Hydralisk x3  
  162  22:18  Zergling x16  
  162  22:22  Zergling x6  
  173  22:23  Zergling x4  
  173  22:24  Zergling x2  
  165  22:32  Hydralisk x3  
  165  22:36  Hydralisk x2  
  165  22:37  Hydralisk  
  163  22:38  Zergling x4  
  163  22:42  Baneling x5  
  163  22:43  Spore Crawler  
  163  22:44  Zergling x4  
  172  22:45  Zergling x2  
  172  22:48  Zergling x2  
  172  22:49  Zergling x4  
  174  22:52  Zergling x4  
  174  22:54  Lurker x3  
  174  22:56  Zergling x2, Spore Crawler  
  174  22:58  Zergling x2  
  180  23:03  Zergling x10  
  185  23:06  Zergling x2  
  185  23:12  Zergling x4  
  187  23:18  Infestor, Zergling x8  
  183  23:24  Hydralisk x3  
  175  23:28  Lurker x9  
  175  23:32  Zergling x10  
  189  23:35  Zergling x2  
  189  23:36  Drone x3, Infestor  
  193  23:42  Infestor x3  
  193  23:48  Zergling x4  
  172  23:57  Zergling x2  
  172  23:58  Zergling x22  
  173  24:03  Zergling x6  
  173  24:08  Hydralisk  
  173  24:09  Hydralisk  
  164  24:21  Zergling x2  
  164  24:22  Zergling x14  
  163  24:24  Hydralisk  
  163  24:28  Zergling x6  
  167  24:32  Hydralisk x2, Hatchery  
  167  24:35  Hydralisk x2  
  155  24:49  Zergling x12  
  157  24:56  Zergling x2  
  157  24:59  Zergling x10  
  159  25:02  Zergling x6  
  159  25:03  Hydralisk  
  159  25:06  Baneling x3  
  135  25:13  Zergling x10  
  130  25:17  Zergling x2  
  130  25:21  Hydralisk  
  119  25:23  Zergling x6  
  119  25:25  Zergling x4  
Tags
 
Add a new tag
Caveats
  • Supply blocks, unpowered buildings, or Contaminate may cause inaccurate times.
  • Supply counts are checked every 10 seconds.